AoeStats
← AristeoXD

Arabia

510465655Analyzed
1v1 RM · 2d ago on Oct 1, 2026· 47m 2s· 2 players
Game mode
Random Map
Map size
Tiny (2 player)
Population
200
Speed
Normal
Resources
Standard
Victory
Conquest
Starting age
Dark Age
Ending age
Imperial Age
RankedLock teamsTeams togetherTeam positionsShared explorationLock speedFull tech treeHidden civsTurbo modeCheats
Victory
Defeat
🇨🇳 Ethiopians · China
1390
+14
🇦🇷 Portuguese · Argentina
1356
-14
AristeoXD
7:15 Loom
10:23 Feudal Age
16:39 Castle Age
15:47 Double-Bit Axe
22:21 Bow Saw
22:46 Town Watch
27:08 Wheelbarrow
38:49 Imperial Age
36:28 Fletching
不残血不会玩
6:24 Loom
9:01 Feudal Age
11:33 Fletching
22:00 Castle Age
20:17 Double-Bit Axe
20:14 Horse Collar
21:44 Scale Barding Armor
21:49 Forging
22:59 Bow Saw
22:12 Crossbowman
32:32 Chain Barding Armor
41:27 Bodkin Arrow
46:57 Iron Casting
Connection lost

Rejoining the realm…

Still unreachable

The connection could not be restored.

Session expired

The server has moved on; the page needs a fresh start.